 Dungeon Crawl Stone Soup version 0.29-a0-670-g5ff2a30383 (webtiles) character file.

Game seed: 5420345716376898584

136 DeathSun the Cudgeller (level 4, -3/35 HPs)
             Began as a Demonspawn Fighter on June 24, 2022.
             Was a Believer of Makhleb.
             Slain by a gnoll
             ... wielding a +0 flail
              (6 damage)
             ... on level 2 of the Dungeon.
             The game lasted 00:06:01 (3518 turns).

DeathSun the Cudgeller (Demonspawn Fighter)         Turns: 3518, Time: 00:06:01

Health: -3/35      AC: 11    Str: 18    XL:     4   Next: 98%
Magic:  6/6        EV:  6    Int: 10    God:    Makhleb [**....]
Gold:   174        SH:  4    Dex: 12    Spells: 3/3 levels left

rFire   . . .      SeeInvis .   a - +0 flail
rCold   . . .      Faith    .   c - +0 buckler
rNeg    . . .      Spirit   .   m - +0 plate armour
rPois   .          Reflect  .   (no helmet)
rElec   .          Harm     .   (no cloak)
rCorr   .          Rampage  .   (no gloves)
Will    .....                   (no boots)
Stlth   ..........              (no amulet)
HPRegen 0.11/turn               (no ring)
MPRegen 0.10/turn               (no ring)

@: no status effects
A: sturdy frame 1
a: Renounce Religion, Minor Destruction


You were on level 2 of the Dungeon.
You worshipped Makhleb.
Makhleb was pleased with you.
You visited 1 branch of the dungeon, and saw 3 of its levels.

You collected 174 gold pieces.

Inventory:

Hand Weapons
 a - a +0 flail (weapon)
Missiles
 r - 4 boomerangs (quivered)
Armour
 b - a +0 scale mail
 c - a +0 buckler (worn)
 m - a +0 plate armour (worn)
Scrolls
 f - 4 scrolls of amnesia {unknown}
 h - 2 scrolls of vulnerability {unknown}
 i - 3 scrolls of identify {unknown}
 j - a scroll of torment {unknown}
 k - 3 scrolls of enchant armour {unknown}
 q - a scroll of acquirement {unknown}
 s - a scroll of blinking {unknown}
 u - a scroll of noise {unknown}
 v - a scroll of teleportation {unknown}
Potions
 d - 3 potions of might
 e - 3 potions of brilliance {unknown}
 g - 2 potions of attraction {unknown}
 l - 2 potions of heal wounds {unknown}
 n - a potion of ambrosia {unknown}
 o - a potion of lignification {unknown}
 p - 2 potions of haste {unknown}
 t - 3 potions of curing {unknown}


   Skills:
 - Level 3.0 Fighting
 * Level 4.1 Maces & Flails
 - Level 2.6 Armour
 - Level 2.6 Shields
 + Level 3.1 Invocations


You had 3 spell levels left.
You didn't know any spells.
Your spell library was empty.

Dungeon Overview and Level Annotations

Branches:
Dungeon (3/15)

Altars:
Makhleb

Shops:
D:2 [


Innate Abilities, Weirdness & Mutations

Your movements are slightly less encumbered by armour. (ER -2)


Message History

The gnoll shouts!
A gnoll comes into view. It is wielding a +0 spear.
The gnoll shouts!
You block the gnoll's attack.
You barely miss the gnoll. You block the gnoll's attack.
You hit the gnoll.
The gnoll is lightly wounded.
The gnoll hits you with a +0 flail.
You hit the gnoll.
The gnoll is heavily wounded.
The gnoll hits you but does no damage.
The gnoll hits you from afar with a +0 spear.
You sock the gnoll!
You kill the gnoll!
Makhleb accepts your kill.
You feel better. The gnoll barely misses you.
The gnoll hits you with a +0 flail! The gnoll hits you but does no damage.
The gnoll attacks as you move away! The gnoll hits you with a +0 flail.
The gnoll attacks as you move away! The gnoll hits you with a +0 flail.
The gnoll attacks as you move away! The gnoll hits you with a +0 flail.
* * * LOW HITPOINT WARNING * * *
The gnoll attacks as you move away! The gnoll hits you but does no damage.
The gnoll attacks as you move away! The gnoll barely misses you.
The gnoll attacks as you move away! The gnoll hits you but does no damage.
The gnoll attacks as you move away! The gnoll hits you but does no damage.
The gnoll attacks as you move away! The gnoll hits you with a +0 flail.
* * * LOW HITPOINT WARNING * * *
You see here 5 stones.
There is a stone staircase leading up, spattered with blood here.
The gnoll barely misses you.
You climb upwards.
There is a stone staircase leading down here.
The gnoll attacks as you move away! The gnoll hits you with a +0 flail.
* * * LOW HITPOINT WARNING * * *
The gnoll attacks as you move away! The gnoll barely misses you.
Items here: )) [ ÷.
The gnoll attacks as you move away! You block the gnoll's attack.
Okay, then.
The gnoll attacks as you move away! The gnoll hits you with a +0 flail.
You die...

#.##.##...#.##.#..##.##.#######
###.##.#........###.............#
#...........#..## ##............#
..............#.###.#.#.##.###..#
#...##.#..#.#.##.#[..###.#.###<.#
#...##.#..#.#...#.#.#.#.##.......
#...##.#..#.#.#.#.#.)..###.###...
#.............#.#g#>#.......##...
#..#.###........@.#...##<....#...
#..#.# #.##.###..##............>.
#..#.# #.##.#........###...>.....
#..#.# #..#.#.#...#..# ##...<#.#.
#..#.####.#.#..#.#...# ##.......
#...........#...∩...## #...#.#.
..##...........#.#..######.......
#########.##..#...#.........##.##
# #.###...........)...##.#


You could see a gnoll.

Vanquished Creatures
  An orc wizard (D:3)
  A gnoll (D:3)
  3 adders (D:2)
  3 worms
  A dart slug (D:1)
  4 orcs (D:2)
  5 endoplasms
  3 giant cockroaches
  3 goblins
  6 hobgoblins
  5 kobolds
  2 quokkas
  10 ball pythons
  4 bats
  6 frilled lizards
  3 rats
60 creatures vanquished.

Notes
Turn   | Place    | Note
-------+----------+-------------------------------------------
     0 | D:1      | DeathSun the Demonspawn Fighter began the quest for the
                  | Orb.
     0 | D:1      | Reached XP level 1. HP: 18/18 MP: 1/1
    48 | D:1      | Reached skill level 2 in Maces & Flails
   201 | D:1      | Found a faded altar of an unknown god.
   213 | D:1      | Prayed at the altar of an unknown god.
   213 | D:1      | Became a worshipper of Makhleb the Destroyer
   213 | D:1      | Reached * piety under Makhleb
   414 | D:1      | Gained mutation: Your movements are slightly less
                  | encumbered by armour. (ER -2) [demonic ancestry]
   414 | D:1      | Reached XP level 2. HP: 4/24 MP: 2/2
   872 | D:1      | Reached skill level 1 in Invocations
  1374 | D:2      | Reached XP level 3. HP: 24/29 MP: 4/4
  1427 | D:2      | Reached skill level 3 in Maces & Flails
  1428 | D:2      | Found Gotuabbac's Antique Armour Boutique.
  2400 | D:2      | Reached ** piety under Makhleb
  2431 | D:2      | Reached XP level 4. HP: 35/35 MP: 5/5
  3183 | D:3      | Reached skill level 4 in Maces & Flails
  3518 | D:2      | Slain by a gnoll

Illustrated notes

Levels and vault maps discovered:
D:1:      dpeg_arrival_simpleton_b, layout_loops_ring,
          hellmonk_ecumenical_altar_run_dry, patterned_corridor
D:2:      layout_loops_ring, serial_shops, nicolae_shop_advertising_works
          [nicolae_subvault_shop_adworks], dreamdust_wishing_well,
          chequers_serial_rivers_large_b, due_unseen_surprise
D:3:      layout_rooms, nicolae_overflow_ecumenical_swirl,
          grunt_temple_overflow_diamond

Skill      XL: |  1  2  3  4 |
---------------+-------------+-----
Maces & Flails | 2 3 4 |  4.1
Invocations    | 1 2 3 |  3.1
Fighting       | |  3.0
Armour         | |  2.6
Shields        | |  2.6

Action                   |  1- 3 |  4- 6 || total
-------------------------+-------+-------++-------
Melee: Flail             |   134 |    67 ||   201
Throw: Boomerang         |       |     3 ||     3
Armor: Scale mail        |    33 |       ||    33
       Plate armour      |    38 |    31 ||    69
Dodge: Dodged            |    41 |    15 ||    56
Block: Buckler           |    35 |    12 ||    47

Table legend: (Time is in decaauts)
 A = Elapsed time spent in this place.
 B = Non-inter-level travel time spent in this place.
 C = Inter-level travel time spent in this place.
 D = Time resting spent in this place.
 E = Time spent auto-exploring this place.
 F = Levels seen in this place.
 G = Mean time per level.
                   A        B        C        D        E       F      G
               +--------+--------+--------+--------+--------+-----+--------+
         Total |   3632 |   3542 |     90 |   1383 |   1409 |   3 | 1210.7 |
       Dungeon |   3632 |   3542 |     90 |   1383 |   1409 |   3 | 1210.7 |
               +--------+--------+--------+--------+--------+-----+--------+

Top non-repeatable levels by time:
     D:2: 1597 daAuts
     D:1: 1588 daAuts
     D:3: 446 daAuts
